 Dungeon Crawl Stone Soup version 0.16.0-12-g7215832 (webtiles) character file.

1349 HungoverVic the Conjurer (level 8, -4/52 HPs)
             Began as a Mummy Wizard on Mar 18, 2015.
             Slain by a centaur (6 damage)
             ... on level 6 of the Dungeon.
             The game lasted 00:47:19 (7808 turns).

HungoverVic the Conjurer (Mummy Wizard)             Turns: 7808, Time: 00:47:19

Health: -4/52      AC:  2    Str: 10      XL:     8   Next: 36%
Magic:  3/16       EV: 11    Int: 19      God:
Gold:   273        SH:  0    Dex:  5 (10) Spells: 6 memorised, 0 levels left

rFire  x . .     SeeInvis .     y - -2 hand axe (curse)
rCold  + . .     Clarity  .     d - +0 robe
rNeg   + + +     SustAb   .     (no shield)
rPois  ∞         Gourm    .     i - +0 hat
rElec  .         Spirit   .     (no cloak)
rCorr  .         Warding  .     (no gloves)
rMut   .         Stasis   .     (no boots)
MR     +....                    (no amulet)
Stlth  +.........               (no ring)
                                (no ring)

@: very slightly contaminated, repel missiles, somewhat resistant to hostile
enchantments, very unstealthy
A: no food or potions, fire vulnerability, restore body, cold resistance 1,
negative energy resistance 3, poison resistance, torment resistance, unbreathing
a: no special abilities


You were on level 6 of the Dungeon.
You were not hungry.

You visited 2 branches of the dungeon, and saw 7 of its levels.

You collected 273 gold pieces.

Inventory:

Hand weapons
 a - a +0 dagger of venom
 b - a +0 spear
 s - a +0 long sword
 y - a cursed -2 hand axe (weapon)
 B - a +1 falchion of protection
Missiles
 h - a throwing net (quivered)
Armour
 d - a +0 robe (worn)
 f - a +1 robe of magic resistance
 i - a +0 hat (worn)
Magical staves
 x - an uncursed staff of poison {unknown}
Jewellery
 g - a cursed -2 ring of strength {unknown}
 w - a cursed amulet of inaccuracy {unknown}
 z - an uncursed ring of wizardry {unknown}
 E - a cursed ring of loudness {unknown}
Magical devices
 p - a wand of disintegration (11)
 u - a wand of flame (31)
 D - a wand of paralysis (21)
Scrolls
 e - 2 scrolls of immolation {unknown}
 j - a scroll of fear {unknown}
 k - a scroll of random uselessness {unknown}
 l - 4 scrolls of remove curse {unknown}
 m - 2 scrolls of teleportation {unknown}
 n - 3 scrolls of fog {unknown}
 o - 4 scrolls of identify {unknown}
 q - a scroll of enchant weapon {unknown}
 r - 2 scrolls of magic mapping {unknown}
 t - 3 scrolls of noise {unknown}
 v - 3 scrolls of enchant armour {unknown}
 A - a scroll of blinking {unknown}
 C - a scroll of acquirement {unknown}
Books
 c - a book of Minor Magic

   Spells                             Type                      Level
   a - Magic Dart                     Conjuration                  1
   b - Blink                          Translocation                2
   c - Call Imp                       Summoning                    2
   d - Repel Missiles                 Charms/Air                   2
   e - Slow                           Hexes                        2
   f - Conjure Flame                  Conjuration/Fire             3
   g - Mephitic Cloud                 Conjuration/Poison/Air       3


   Skills:
 - Level 2.0 Dodging
 - Level 2.0 Stealth
 - Level 3.0 Spellcasting
 - Level 6.0 Conjurations
 + Level 3.0 Hexes
 - Level 0.7 Summonings
   Level 0.7 Translocations
 - Level 3.1 Air Magic
 - Level 3.2 Poison Magic


You couldn't memorise any spells.
You knew the following spells:

 Your Spells              Type           Power        Failure   Level  Hunger
a - Magic Dart            Conj           ####         1%          1    N/A
b - Conjure Flame         Conj/Fire      ##......     14%         3    N/A
c - Mephitic Cloud        Conj/Pois/Air  ###.....     12%         3    N/A
d - Repel Missiles        Chrm/Air       #.....       14%         2    N/A
e - Call Imp              Summ           #.......     21%         2    N/A
f - Slow                  Hex            ##......     10%         2    N/A

Dungeon Overview and Level Annotations

Branches:
Dungeon (6/15)             Temple (1/1) D:4

Altars:
Cheibriados
Dithmenos
Elyvilon
Gozag
Makhleb
Nemelex Xobeh
Okawaru
Sif Muna
Trog
Xom
Yredelemnul
Zin
The Shining One

Portals:
Ossuary: D:6


Innate Abilities, Weirdness & Mutations

You do not eat or drink.
Your flesh is vulnerable to fire.
Your flesh is cold resistant.
You are immune to negative energy.
Your system is resistant to poisons.
You are immune to unholy pain and torment.
You can survive without breathing.


Message History

Your Hexes skill increases to level 3!
You hear a distant blaring wail to the east.
There is a stone staircase leading up here.
Things that are here:
a leather armour; an orc corpse
Things that are here:
a leather armour; an orc corpse The centaur hits you.
* * * LOW HITPOINT WARNING * * *
You barely miss the centaur. The centaur hits you.
* * * LOW HITPOINT WARNING * * *
The centaur hits you.
* * * LOW HITPOINT WARNING * * *
You completely miss the centaur. The centaur hits you.
* * * LOW HITPOINT WARNING * * *
The centaur misses you.
You hit the centaur.
The centaur is lightly wounded.
The centaur barely misses you. The centaur hits you.
You die...

#..# ##.#....#
#..# ##.)..##.#
#..# ##.#.#.## #
#..# #.##.#....
#..# #...c.....
#.†###.......>..
#......c...c#..
#c#####.....#.#
#@# #.....#.#
#[#####.......#
#.....B.......#
#.
#######o###...#
#. #.# #...###.
#.###§......
#.o.§o..B...
#.####o.###. #.#
#..# #.


You could see a centaur.

Vanquished Creatures
  Eustachio (D:5)
  Edmund (D:4)
  4 ogres
  A giant frog (D:6)
  2 scorpions (D:5)
  An orc priest (D:4)
  A jelly (D:6)
  A hound (D:4)
  An iguana (D:6)
  3 worker ants
  3 orc wizards
  Ijyb (D:3)
  Jessica (D:2)
  A hound skeleton (D:5)
  Robin (D:2)
  10 adders
  A giant mite (D:3)
  A white imp (D:6)
  3 worms
  An ufetubus (D:5)
  4 giant geckos
  15 orcs
  2 ball pythons
  11 bats
  7 giant cockroaches
  17 hobgoblins
  17 jackals
  16 kobolds
  3 quokkas
  A giant gecko zombie (D:6)
  5 giant newts
  A giant spore (D:6)
  14 goblins
  A quokka skeleton (D:5)
  8 rats
  2 ballistomycetes (D:6)
163 creatures vanquished.

Vanquished Creatures (collateral kills)
  A giant gecko (D:2)
1 creature vanquished.

Vanquished Creatures (others)
  A crimson imp (D:4)
1 creature vanquished.

Grand Total: 165 creatures vanquished

Notes
Turn   | Place    | Note
--------------------------------------------------------------
     0 | D:1      | HungoverVic, the Mummy Wizard, began the quest for the Orb.
     0 | D:1      | Reached XP level 1. HP: 13/13 MP: 4/4
    17 | D:1      | Reached skill level 1 in Conjurations
   293 | D:1      | Reached XP level 2. HP: 19/19 MP: 6/6
  1065 | D:1      | Reached XP level 3. HP: 11/24 MP: 1/7
  1273 | D:1      | Learned a level 3 spell: Conjure Flame
  1277 | D:1      | Learned a level 3 spell: Mephitic Cloud
  1720 | D:2      | Noticed Robin
  1738 | D:2      | Killed Robin
  1738 | D:2      | Reached XP level 4. HP: 21/30 MP: 0/9
  2761 | D:2      | Noticed Jessica
  2809 | D:2      | Killed Jessica
  2809 | D:2      | Reached XP level 5. HP: 35/35 MP: 3/11
  3509 | D:3      | Noticed Ijyb
  3513 | D:3      | Killed Ijyb
  3513 | D:3      | Reached skill level 4 in Conjurations
  4580 | D:4      | Found a staircase to the Ecumenical Temple.
  4597 | Temple   | Entered the Ecumenical Temple
  4731 | D:4      | Reached XP level 6. HP: 41/41 MP: 5/12
  4743 | D:4      | Learned a level 2 spell: Repel Missiles
  4746 | D:4      | Learned a level 2 spell: Call Imp
  4969 | D:4      | Noticed Edmund
  5059 | D:4      | Killed Edmund
  5059 | D:4      | Reached skill level 5 in Conjurations
  5070 | D:4      | HP: 1/41 [orc wizard/puff of frost (3)]
  5904 | D:5      | Entered Level 5 of the Dungeon
  5914 | D:5      | Reached skill level 6 in Conjurations
  5914 | D:5      | Reached XP level 7. HP: 46/46 MP: 10/14
  5988 | D:5      | Found a basalt altar of Yredelemnul.
  5988 | D:5      | Noticed Eustachio
  6248 | D:5      | Killed Eustachio
  6248 | D:5      | Reached skill level 1 in Air Magic
  6248 | D:5      | Reached skill level 1 in Poison Magic
  7099 | D:5      | Reached XP level 8. HP: 41/52 MP: 4/16
  7214 | D:5      | Learned a level 2 spell: Slow
  7474 | D:6      | Reached skill level 1 in Hexes
  7681 | D:6      | Found a sand-covered staircase.
  7807 | D:6      | HP: 2/52 [centaur (6)]
  7808 | D:6      | Slain by a centaur

Action                   |  1- 3 |  4- 6 |  7- 9 || total
-------------------------+-------+-------+-------++-------
Melee: Dagger            |    76 |   169 |    12 ||   257
       Unarmed           |     2 |       |       ||     2
       Spear             |       |    19 |       ||    19
       Hand axe          |       |       |   144 ||   144
Throw: Throwing net      |       |       |     1 ||     1
 Cast: Magic Dart        |    55 |    36 |    12 ||   103
       Mephitic Cloud    |     4 |    43 |    37 ||    84
       Call Imp          |       |     2 |     1 ||     3
       Conjure Flame     |       |     1 |     3 ||     4
       Repel Missiles    |       |     1 |     1 ||     2
       Slow              |       |       |     2 ||     2
 Stab: Sleeping          |     1 |     2 |       ||     3
       Confused          |       |    13 |     3 ||    16
       Distracted        |       |     1 |       ||     1
       Held in net/web   |       |       |     1 ||     1
